 Dungeon Crawl Stone Soup version 0.31-a0-1183-gd88bbb8b4d (webtiles) character file.

Game seed: 2983587808955606057

55 qw the Shooter (level 3, 0/23 HPs)
             Began as a Gargoyle Hunter on Dec 11, 2023.
             Slain by a hobgoblin (4 damage)
             ... on level 2 of the Dungeon.
             The game lasted 00:00:26 (1099 turns).

qw the Shooter (Gargoyle Hunter)                    Turns: 1099, Time: 00:00:27

Health: 0/23       AC:  7    Str: 12 (14) XL:     3   Next: 93%
Magic:  3/3        EV: 11    Int:  8 (9)  God:
Gold:   67         SH:  0    Dex: 12 (15) Spells: 2/2 levels left

rFire   . . .        a - +0 shortbow
rCold   . . .        (shield currently unavailable)
rNeg    + . .        c - +0 leather armour
rPois   inf          (no helmet)
rElec   +            k - +0 cloak
rCorr   .            (no gloves)
SInv    .            (no boots)
Will    +....        (no amulet)
Stlth   +            j - ring of willpower
HPRegen 0.23/turn    (no ring)
MPRegen 0.08/turn

%: no passive effects
@: no status effects
A: sickness immunity, AC +3, negative energy resistance 1, electricity
resistance, torment resistance 1, petrification resistance
a: no special abilities


You were on level 2 of the Dungeon.
You visited 1 branch of the dungeon, and saw 2 of its levels.

You collected 67 gold pieces.


Innate Abilities, Weirdness & Mutations

You are immune to sickness and miasma.
Your stone body is resilient. (AC +3)
You are immune to poison.
You resist negative energy. (rN+)
You are resistant to electric shocks. (rElec)
You are resistant to unholy torment.
You are immune to petrification.


   Skills:
 - Level 3.0 Fighting
 + Level 5.1 Ranged Weapons
 - Level 1.5 Dodging
 - Level 1.1 Stealth


You had 2 spell levels left.
You didn't know any spells.
Your spell library was empty.

Inventory:

Hand Weapons
 a - a +0 shortbow (weapon)
Armour
 c - a +0 leather armour (worn)
 k - a +0 cloak (worn)
Jewellery
 j - a ring of willpower (left hand)
Potions
 d - a potion of curing

Dungeon Overview and Level Annotations

Branches:
Dungeon (2/15)

Altars:


Message History

The goblin completely misses you. The hobgoblin misses you.
The hobgoblin barely misses you.
You shoot an arrow. The arrow hits the goblin.
The goblin is moderately wounded.
The goblin barely misses you. The hobgoblin hits you.
The hobgoblin barely misses you. The goblin hits you but does no damage.
The hobgoblin hits you. The hobgoblin barely misses you.
1091 ||| DRINKING fizzy white potion.
It was a potion of magic.
Magic courses through your body. The hobgoblin closely misses you.
The goblin hits you but does no damage. The hobgoblin completely misses you.
You shoot an arrow. The arrow barely misses the goblin.
The goblin hits you but does no damage. The hobgoblin closely misses you.
The hobgoblin barely misses you.
You shoot an arrow. The arrow hits the goblin.
You kill the goblin!
The hobgoblin hits you but does no damage.
You shoot an arrow. The arrow barely misses the hobgoblin.
The hobgoblin barely misses you. The hobgoblin hits you.
The hobgoblin barely misses you.
1095 ||| DRINKING amethyst potion.
It was a potion of degeneration.
There was something very wrong with that liquid.
You feel weakened.
You feel dopey.
You feel clumsy.
The hobgoblin hits you but does no damage.
The hobgoblin barely misses you. The hobgoblin closely misses you.
You shoot an arrow. The arrow barely misses the hobgoblin.
The hobgoblin hits you.
The hobgoblin hits you but does no damage.
The hobgoblin closely misses you.
You shoot an arrow. The arrow hits the hobgoblin.
The hobgoblin is heavily wounded.
The hobgoblin hits you. The hobgoblin barely misses you.
The hobgoblin closely misses you. x2; The hobgoblin misses you.
The hobgoblin closely misses you.
You shoot an arrow. The arrow hits the hobgoblin.
You kill the hobgoblin!
The hobgoblin misses you. The hobgoblin barely misses you.
You shoot an arrow. The arrow closely misses the hobgoblin.
The hobgoblin hits you.
You die... #..###..##..........# ###.## ##.#####.###+#.# ##...# #...###.#.. .# #..####+####..##.#.###.# #.##.#...#.##.##.#.....# #.# '...' #.#.....# #.## gg.

##.#.########
#..####g####..#.#.......
##...#g@)#...##.#.......
###.##.##....#.########
#..#'#..#.......# #
##.....#..##.##.# #
###.........##.# #
############.#####
#........ #.#.#####
#.#.)....


You could see 2 hobgoblins and 2 goblins.

Vanquished Creatures
  An adder (D:2)
  A worm (D:2)
  2 dart slugs (D:1)
  3 ball pythons
  4 endoplasms (D:1)
  8 goblins
  5 hobgoblins
  2 jackals (D:2)
  2 kobolds (D:1)
  A quokka (D:2)
  2 bats (D:1)
  A frilled lizard (D:1)
  A rat (D:1)
33 creatures vanquished.

Notes
Turn   | Place    | Note
-------+----------+-------------------------------------------
     0 | D:1      | qw the Gargoyle Hunter began the quest for the Orb.
     0 | D:1      | Reached XP level 1. HP: 12/12 MP: 1/1
     0 | D:1      | 0 ||| qw: Version: 0.3-a-106-g2cfff9e
     0 | D:1      | 0 ||| qw: Game counter: 2099
     0 | D:1      | 0 ||| qw: Melee chars always use a shield: true
     0 | D:1      | 0 ||| qw: God list: Okawaru
     0 | D:1      | 0 ||| qw: Allow faded altars: false
     0 | D:1      | 0 ||| qw: Do Orc after clearing Dungeon:15 true
     0 | D:1      | 0 ||| qw: Do second Lair branch before Depths: true
     0 | D:1      | 0 ||| qw: Lair rune preference: random
     0 | D:1      | 0 ||| qw: Goals: Normal, Save, Zot:1-4, Win
     0 | D:1      | 0 ||| PLANNING D:1-11
   136 | D:1      | Reached XP level 2. HP: 17/17 MP: 2/2
   692 | D:1      | 692 ||| DROPPING scarf of harm.
   693 | D:1      | 693 ||| UPGRADING to +0 cloak.
   698 | D:1      | 698 ||| UPGRADING to ring of willpower.
   699 | D:1      | 699 ||| READING 2 scrolls labelled LON DUTHYQUN.
   700 | D:1      | 700 ||| READING 2 scrolls labelled OSHRAO BOEH.
   701 | D:1      | 701 ||| DRINKING 2 bubbling puce potions.
   702 | D:1      | 702 ||| DROPPING scroll of butterflies.
   703 | D:1      | 703 ||| DROPPING scroll of revelation.
   704 | D:1      | 704 ||| DROPPING scroll of fog.
   716 | D:2      | Reached XP level 3. HP: 21/21 MP: 3/3
   810 | D:2      | Reached skill level 5 in Ranged Weapons
  1078 | D:2      | Reached skill level 3 in Fighting
  1090 | D:2      | HP: 5/23 [hobgoblin (2)]
  1091 | D:2      | 1091 ||| DRINKING fizzy white potion.
  1095 | D:2      | 1095 ||| DRINKING amethyst potion.
  1096 | D:2      | HP: 4/23 [hobgoblin (1)]
  1099 | D:2      | Slain by a hobgoblin

Levels and vault maps discovered:
D:1:      minmay_arrival_shattered_statue, layout_basic,
          minmay_misc_feat_pillars
D:2:      cheibrodos_greedy_goblins, layout_basic, feat_on_display

Skill      XL: |  1  2  3 |
---------------+----------+-----
Ranged Weapons | 5 |  5.1
Fighting       | 3 |  3.0
Dodging        | |  1.5
Stealth        | |  1.1

Action                     || total
---------------------------++-------
   Fire: Shortbow          ||   111
    Use: Scroll            ||     2
         Potion            ||     3
 Armour: Leather armour    ||    47
  Dodge: Dodged            ||    54

Table legend:
 A = Non-vault XP
 B = Vault XP
 C = Vault XP percentage of total XP
 D = Non-vault monster count
 E = Vault monster count
 F = Vault count percentage of total count
                 A         B        C        D         E       F
            +---------+---------+-------+---------+---------+-------
      Total |      65 |      14 |  17.7 |      26 |       7 |  21.2
            +---------+---------+-------+---------+---------+-------
        D:1 |      32 |       0 |   0.0 |      16 |       0 |   0.0
        D:2 |      33 |      14 |  29.8 |      10 |       7 |  41.2
            +---------+---------+-------+---------+---------+-------
